 Dungeon Crawl Stone Soup version 0.30-a0-347-gf58ed5266c (webtiles) character file.

Game seed: 1824427891076311929

1558 Falherf the Covert (level 8, -1/36 HPs)
             Began as a Spriggan Enchanter on Nov 6, 2022.
             Killed from afar by an orc wizard (11 damage)
             ... with a magic dart
             ... on level 6 of the Dungeon.
             The game lasted 00:12:12 (6345 turns).

Falherf the Covert (Spriggan Enchanter)             Turns: 6345, Time: 00:12:16

Health: -1/36      AC:  3    Str:  4    XL:     8   Next: 58%
Magic:  21/21      EV: 17    Int: 16    God:
Gold:   277        SH:  5    Dex: 18    Spells: 12/23 levels left

rFire   . . .      SeeInvis +    v - +2 dagger (drain)
rCold   . . .      Faith    .    (no shield)
rNeg    . . .      Spirit   .    b - +0 robe
rPois   .          Reflect  +    (helmet restricted)
rElec   .          Harm     .    j - +0 cloak
rCorr   .          Rampage  .    (gloves unavailable)
Will    +....                    (boots unavailable)
Stlth   ++++......               r - amulet of reflection
HPRegen 0.26/turn                (no ring)
MPRegen 0.17/turn                (no ring)

@: very quick
A: very small, no large weapons, unfitting armour, see invisible, speed 3
a: no special abilities


You were on level 6 of the Dungeon.
You visited 2 branches of the dungeon, and saw 8 of its levels.

You collected 277 gold pieces.

Inventory:

Hand Weapons
 a - a +1 dagger
 p - the +8 short sword "Killer Klown's Doom" {freeze, Str+5 Int+3 SInv Stlth-}
   (You found it on level 4 of the Dungeon)

   It freezes those it strikes, dealing additional cold damage.
   It can also slow down cold-blooded creatures.
   Str:       It affects your strength (+5).
   Int:       It affects your intelligence (+3).
   SInv:      It lets you see invisible.
   Stlth:     It makes you less stealthy.
 v - a +2 dagger of draining (weapon)
Missiles
 s - 2 throwing nets (quivered)
Armour
 b - a +0 robe (worn)
 j - a +0 cloak (worn)
Jewellery
 r - an amulet of reflection (around neck)
Wands
 o - a wand of roots (4)
 q - a wand of polymorph (15)
Scrolls
 f - 4 scrolls of teleportation
 g - 3 scrolls of immolation
 t - a scroll of blinking
Potions
 c - 2 potions of invisibility
 d - a potion of cancellation
 e - a potion of haste
 h - a potion of berserk rage {unknown}
 i - 2 potions of flight
 k - a potion of heal wounds
 l - a potion of mutation {unknown}
 m - 2 potions of lignification {unknown}
 n - a potion of brilliance {unknown}
 u - a potion of degeneration {unknown}


   Skills:
 - Level 1.1 Short Blades
 - Level 2.6 Dodging
 + Level 9.7 Stealth
 + Level 8.3 Spellcasting
 + Level 8.7 Hexes


You had 12 spell levels left.
You knew the following spells:

 Your Spells              Type           Power      Damage    Failure   Level
a - Ensorcelled Hibernat  Hex/Ice        40%        N/A       2%          2
b - Tukima's Dance        Hex            34%        N/A       1%          3
c - Dazzling Flash        Conj/Hex       40%        N/A       5%          3
d - Confusing Touch       Hex            34%        N/A       1%          3

Your spell library contained the following spells:

 Spells                   Type           Power      Damage    Failure   Level
 Magic Dart               Conj           24%        1d4       11%         1
 Sandblast                Erth           12%        2d6       11%         1
 Shock                    Conj/Air       24%        1d4       11%         1
 Call Imp                 Summ           6%         N/A       16%         2
 Passwall                 Tmut/Erth      5%         N/A       16%         2
 Ignite Poison            Fire/Tmut/Pois 6%         N/A       32%         3
 Kindle Blastsparks       Fire/Tloc/Air  12%        2d11      32%         3
 Mephitic Cloud           Conj/Pois/Air  6%         N/A       32%         3
 Stone Arrow              Conj/Erth      12%        3d7       32%         3
 Swiftness                Air            6%         N/A       32%         3
 Airstrike                Air            3%         2d(1-17)  71%         4
 Freezing Cloud           Conj/Ice/Air   3%         6-21      96%         5


Dungeon Overview and Level Annotations

Branches:
Dungeon (7/15)             Temple (1/1) D:5

Altars:
Fedhas
Gozag
Makhleb
Okawaru
Qazlal
Ru
Trog
Xom
Yredelemnul
Zin
The Shining One

Annotations:
D:6 Prince Ribbit


Innate Abilities, Weirdness & Mutations

You are very small and have problems with some larger weapons.
You are too small for most types of armour.
You have supernaturally acute eyesight. (SInv)
You cover ground extremely quickly. (Speed+++)


Message History

The orc wizard misses you. The orc closely misses you.
You miss the orc wizard.
The orc wizard is heavily wounded.
The orc wizard hits you but does no damage.
The orc closely misses you.
You miss the orc wizard.
The orc wizard is heavily wounded.
The orc wizard misses you. The orc closely misses you.
You hit the orc wizard but do no damage.
The orc wizard is heavily wounded.
The orc wizard closely misses you. The orc closely misses you.
You bump into the rock wall.
You feel less confused. The orc wizard barely misses you.
The orc closely misses you.
You hit the orc wizard but do no damage.
You drain the orc wizard.
The orc wizard is heavily wounded.
The orc wizard hits you with a +0 dagger.
You block the orc's attack.
You hit the orc wizard but do no damage.
You drain the orc wizard.
The orc wizard is severely wounded.
The orc wizard hits you with a +0 dagger.
The orc closely misses you.
You hit the orc wizard.
The orc wizard is almost dead.
The orc wizard gestures at you while chanting.
The puff of flame hits you.
You are too injured to fight recklessly!
You are too injured to fight recklessly!
You are too injured to fight recklessly!
You are too injured to fight recklessly!
You hit the orc wizard but do no damage.
You drain the orc wizard.
You kill the orc wizard!
The orc hits you from afar with a +0 trident.
* * * LOW HITPOINT WARNING * * *
The orc wizard gestures at you while chanting.
The magic dart hits you!
You die...

##.####.#.## oh #..# #...#
#####.# ######.######.##
....#o# #...........#.#
......# #.####.####.#.#
~~~...# #.#)......# #.#
~~o...# #.#)##.##.# #.#
§§o...# #.###.#)#...#.#.#.#
~§§...#.. #oo)@.)).._.......#
§§o...........o##.#.#!..#.#.#
.....##...###. #.#.##.##.#
.....# # # #.#...... # #...##
#.####.### ##### #.. ... ###
.#


You could see an orc wizard (invisible) and 2 orcs.

Vanquished Creatures
  2 black bears (D:5)
  2 orc warriors (D:6)
  A centaur (D:6)
  2 kobold brigands
  2 necrophages (D:6)
  A scorpion (D:4)
  A hound (D:5)
  3 jellies
  3 orc priests (D:5)
  4 iguanas
  Natasha (thrice) (D:4)
  5 orc wizards
  Terence (D:2)
  7 adders
  8 river rats (D:5)
  A shadow imp (D:5)
  An ufetubus (D:5)
  2 worms
  5 dart slugs
  9 orcs
  5 bats
  4 endoplasms
  2 giant cockroaches (D:3)
  6 goblins
  5 hobgoblins
  13 kobolds
  9 quokkas
  4 ball pythons
  9 frilled lizards
  20 rats
140 creatures vanquished.

Vanquished Creatures (collateral kills)
  Crazy Yiuf (D:2)
  An orc (D:3)
2 creatures vanquished.

Vanquished Creatures (others)
  2 dancing weapons
  11 fungi
  25 plants
38 creatures vanquished.

Grand Total: 180 creatures vanquished

Notes
Turn   | Place    | Note
-------+----------+-------------------------------------------
     0 | D:1      | Falherf the Spriggan Enchanter began the quest for the Orb.
     0 | D:1      | Reached XP level 1. HP: 9/9 MP: 5/5
   296 | D:1      | Reached XP level 2. HP: 13/13 MP: 7/7
   299 | D:1      | Learned a level 2 spell: Ensorcelled Hibernation
  1099 | D:2      | Reached XP level 3. HP: 16/16 MP: 3/9
  1103 | D:2      | Learned a level 3 spell: Tukima's Dance
  1107 | D:2      | Learned a level 3 spell: Confusing Touch
  1296 | D:2      | Noticed Terence
  1309 | D:2      | Killed Terence
  1405 | D:2      | Reached XP level 4. HP: 21/21 MP: 11/11
  1673 | D:2      | Reached skill level 5 in Hexes
  2111 | D:2      | Found a runed translucent door.
  2112 | D:2      | Noticed Crazy Yiuf
  2123 | D:2      | Killed Crazy Yiuf
  2237 | D:3      | Learned a level 3 spell: Dazzling Flash
  2444 | D:3      | Found a glowing silver altar of Zin.
  3064 | D:3      | Reached XP level 5. HP: 23/24 MP: 3/13
  3356 | D:4      | You fall into a shaft and drop 2 floors!
  3365 | D:6      | Noticed a centaur
  3372 | D:6      | Killed a centaur
  3373 | D:6      | Reached skill level 5 in Stealth
  3373 | D:6      | Reached skill level 5 in Spellcasting
  3395 | D:5      | Entered Level 5 of the Dungeon
  3395 | D:5      | Found a blossoming altar of Fedhas.
  3407 | D:5      | Found a staircase to the Ecumenical Temple.
  3418 | Temple   | Entered the Ecumenical Temple
  3554 | D:5      | Reached XP level 6. HP: 28/28 MP: 13/15
  3697 | D:4      | Found a burning altar of Makhleb.
  3763 | D:4      | Identified the +8 short sword "Killer Klown's Doom"
                  | {freeze, Str+5 Int+3 SInv Stlth-}
  3907 | D:4      | Noticed Natasha
  3915 | D:4      | Killed Natasha
  4094 | D:4      | Noticed Natasha
  4104 | D:4      | Killed Natasha
  4165 | D:4      | Reached skill level 6 in Stealth
  4296 | D:4      | Noticed Natasha
  4300 | D:4      | Killed Natasha
  4343 | D:5      | Reached XP level 7. HP: 32/32 MP: 9/17
  4677 | D:5      | Reached skill level 7 in Stealth
  5141 | D:5      | Reached skill level 8 in Stealth
  5399 | D:5      | Reached XP level 8. HP: 36/36 MP: 20/20
  5665 | D:5      | Found a stormy altar of Qazlal.
  6016 | D:6      | Noticed Prince Ribbit
  6037 | D:6      | Reached skill level 9 in Stealth
  6261 | D:6      | Found a sacrificial altar of Ru.
  6345 | D:6      | Killed from afar by an orc wizard

Illustrated notes

Levels and vault maps discovered:
D:1:      nzn_arrival_settlement, layout_basic, kennysheep_pointless_box
D:2:      layout_basic, minmay_lizard_king, uniq_terence,
          uniq_crazy_yiuf_cottage
D:3:      layout_basic, lemuel_coloured_pillars_altar
D:4:      layout_loops_ring, mainiacjoe_overflow_24_doors, uniq_natasha
D:5:      lemuel_ratsnest, layout_basic, fedhas_altar_3,
          mainiacjoe_overflow_alcove_4, minmay_temple_entry_waves,
          lexackson_kobold_supper
D:6:      layout_loops_ring, kennysheep_vampire_church,
          nicolae_ru_sacrificial_ziggurat, serial_park_tiny_pond,
          minmay_misc_feat_diagonals, uniq_prince_ribbit1
D:7:      layout_loops_ring, mainiacjoe_overflow_surrounded_room,
          old_standard_altar, jmf_multi_god_temple, nicolae_uskayaw_en_pointe,
          nicolae_dithmenos_shadow_blocks
Temple:   nicolae_temple_stand_before_the_council

Skill      XL: |  1  2  3  4  5  6  7  8 |
---------------+-------------------------+-----
Spellcasting   | 3 4 5 6 7 8 |  8.3
Hexes          | 4 5 6 7 8 |  8.7
Stealth        | 5 6 8 9 |  9.7
Short Blades   | |  1.1
Dodging        | |  2.6

Action                   |  1- 3 |  4- 6 |  7- 9 || total
-------------------------+-------+-------+-------++-------
Melee: Dagger            |    47 |   143 |   257 ||   447
       Punch             |       |     2 |     2 ||     4
 Cast: Ensorcelled Hiber |     5 |    22 |    45 ||    72
       Tukima's Dance    |     1 |     3 |     1 ||     5
       Confusing Touch   |     1 |       |     8 ||     9
  Use: Scroll            |     3 |     8 |     1 ||    12
       Potion            |       |       |     2 ||     2
 Stab: Sleeping          |    12 |    22 |    26 ||    60
       Confused          |     2 |       |     6 ||     8
Armor: Robe              |     3 |    22 |    24 ||    49
Dodge: Dodged            |    32 |    94 |   168 ||   294
Block: Other             |       |       |    15 ||    15
       Reflection        |       |       |     2 ||     2

Table legend: (Time is in decaauts)
 A = Elapsed time spent in this place.
 B = Non-inter-level travel time spent in this place.
 C = Inter-level travel time spent in this place.
 D = Time resting spent in this place.
 E = Time spent auto-exploring this place.
 F = Levels seen in this place.
 G = Mean time per level.
                   A        B        C        D        E       F      G
               +--------+--------+--------+--------+--------+-----+--------+
         Total |   4599 |   4436 |    163 |    320 |   3080 |   8 |  574.9 |
       Dungeon |   4580 |   4417 |    163 |    320 |   3075 |   7 |  654.3 |
        Temple |     19 |     19 |      0 |      0 |      5 |   1 |   19.0 |
               +--------+--------+--------+--------+--------+-----+--------+

Top non-repeatable levels by time:
     D:5: 1209 daAuts
     D:2: 975 daAuts
     D:4: 771 daAuts
     D:3: 734 daAuts
     D:1: 478 daAuts
     D:6: 410 daAuts
  Temple: 19 daAuts
     D:7: 1 daAuts
